 Dungeon Crawl Stone Soup version 0.31.0-12-g77e489cdc1 (webtiles) character file.

Game seed: 2990526475340096536

24 lordive the Grasshopper (level 2, -5/15 HPs)
             Began as a Spriggan Warper on Feb 29, 2024.
             Slain by a ribbon worm (7 damage)
             ... on level 2 of the Dungeon.
             The game lasted 00:01:09 (844 turns).

lordive the Grasshopper (Spriggan Warper)            Turns: 844, Time: 00:01:09

Health: -5/15      AC:  2    Str:  7    XL:     2   Next: 79%
Magic:  6/6        EV: 17    Int: 14    God:
Gold:   66         SH:  0    Dex: 14    Spells: 6/6 levels left

rFire   . . .        a - +0 short sword
rCold   . . .        (no shield)
rNeg    . . .        b - +0 robe
rPois   .            h - +0 hat
rElec   .            (no cloak)
rCorr   .            (gloves unavailable)
SInv    +            (boots unavailable)
Will    .....        (no amulet)
Stlth   +            (no ring)
HPRegen 0.22/turn    (no ring)
MPRegen 0.10/turn

%: no passive effects
@: very quick
A: very small, no large weapons, unfitting armour, see invisible, speed 3
a: no special abilities


You were on level 2 of the Dungeon.
You visited 1 branch of the dungeon, and saw 2 of its levels.

You collected 66 gold pieces.

Inventory:

Hand Weapons
 a - a +0 short sword (weapon)
Missiles
 d - 7 darts of dispersal (quivered)
 e - 6 datura-tipped darts
Armour
 b - a +0 robe (worn)
 h - a +0 hat (worn)
Scrolls
 c - a scroll of blinking
 f - a scroll of fog {unknown}
 i - a scroll of identify {unknown}
Potions
 g - 3 potions of heal wounds {unknown}


   Skills:
 + Level 2.0 Fighting
 + Level 2.4 Short Blades
 - Level 1.0 Throwing
 + Level 3.3 Dodging
 + Level 0.2 Stealth
 + Level 2.9 Spellcasting
 * Level 5.0 Translocations


You had 6 spell levels left.
You didn't know any spells.
Your spell library contained the following spells:

 Spells                   Type           Power      Damage    Failure   Level
 Blink                    Tloc           32%        N/A       4%          2
 Lesser Beckoning         Tloc           32%        N/A       4%          2
 Teleport Other           Tloc           16%        N/A       9%          3
 Manifold Assault         Tloc           16%        N/A       26%         4
 Vhi's Electric Charge    Tloc/Air       18%        N/A       58%         4


Dungeon Overview and Level Annotations

Branches:
Dungeon (2/15)

Altars:
Fedhas


Innate Abilities, Weirdness & Mutations

You are very small and have problems with some larger weapons.
You are too small for most types of armour.
You have supernaturally acute eyesight. (SInv)
You cover ground extremely quickly. (Speed+++)


Message History

You are caught in a web!
You are caught in a web!
You are caught in a web!
You are caught in a web!
You are caught in a web!
You are caught in a web!
You are caught in a web!
You are caught in a web!
You are caught in a web!
You are caught in a web!
You are caught in a web!
You are caught in a web!
You are caught in a web!
You are caught in a web!
You are caught in a web!
You are caught in a web!
You are caught in a web!
The web tears apart.
The ribbon worm bites you!
You hit the ribbon worm but do no damage.
The ribbon worm is heavily wounded.
The ribbon worm misses you.
You hit the ribbon worm.
The ribbon worm is heavily wounded.
You hit the ribbon worm but do no damage.
The ribbon worm is heavily wounded.
The ribbon worm bites you.
* * * LOW HITPOINT WARNING * * *
You hit the ribbon worm.
The ribbon worm is severely wounded.
The ribbon worm bites you.
* * * LOW HITPOINT WARNING * * *
You hit the ribbon worm.
The ribbon worm is severely wounded.
You hit the ribbon worm.
The ribbon worm is almost dead.
The ribbon worm expels a string of sticky webbing.
The stream of webbing hits you but does no damage.
You are caught in a web!
The web tears apart.
The ribbon worm bites you!
You die...

#.# #.# #.# #.#
#.# #.# #w# #
#@# # #.# #
##############.#
#
#..............#
#
#.##############
# #.# .. ###.###
#.# ..#...# ...
#.#.#.##.#


You could see a ribbon worm.

Vanquished Creatures
  A dart slug (D:2)
  A ball python (D:1)
  An endoplasm (D:1)
  A giant cockroach (D:1)
  A goblin (D:1)
  3 jackals (D:1)
  3 quokkas (D:1)
  2 bats
  3 frilled lizards (D:1)
  5 rats
21 creatures vanquished.

Notes
Turn   | Place    | Note
-------+----------+-------------------------------------------
     0 | D:1      | lordive the Spriggan Warper began the quest for the Orb.
     0 | D:1      | Reached XP level 1. HP: 10/10 MP: 5/5
   266 | D:1      | Reached XP level 2. HP: 8/15 MP: 6/6
   522 | D:1      | Found a faded altar of an unknown god.
   553 | D:1      | Reached skill level 5 in Translocations
   797 | D:2      | Found a blossoming altar of Fedhas.
   844 | D:2      | Slain by a ribbon worm

Illustrated notes

Levels and vault maps discovered:
D:1:      dpeg_arrival_rooms_a, layout_basic,
          hellmonk_ecumenical_altar_arch_garden, item_on_display_a
D:2:      layout_basic, basic_altar

Skill      XL: |  1  2 |
---------------+-------+-----
Translocations | 5 |  5.0
Fighting       | 2 |  2.0
Short Blades   | |  2.4
Throwing       | |  1.0
Dodging        | |  3.3
Stealth        | |  0.2
Spellcasting   | |  2.9

Action                     || total
---------------------------++-------
  Melee: Short sword       ||   124
         Punch             ||     2
   Stab: Sleeping          ||     1
 Armour: Robe              ||    34
  Dodge: Dodged            ||    82
